 Dungeon Crawl Stone Soup version 0.29-a0-1027-gcd8c55af63 (webtiles) character file.

Game seed: 7266249644236804917

24 27heaven the Twirler (level 3, 0/27 HPs)
             Began as a Human Gladiator on Aug 12, 2022.
             Slain by a worm (9 damage)
             ... on level 2 of the Dungeon.
             The game lasted 00:03:02 (841 turns).

27heaven the Twirler (Human Gladiator)               Turns: 841, Time: 00:03:02

Health: 0/27       AC:  9    Str: 16    XL:     3   Next: 15%
Magic:  3/3        EV:  7    Int:  8    God:
Gold:   71         SH:  0    Dex: 14    Spells: 2/2 levels left

rFire   . . .      SeeInvis .   a - +0 quarterstaff
rCold   . . .      Faith    .   (shield currently unavailable)
rNeg    . . .      Spirit   .   i - +0 chain mail
rPois   .          Reflect  .   c - +0 helmet
rElec   .          Harm     .   (no cloak)
rCorr   .          Rampage  .   (no gloves)
Will    .....                   (no boots)
Stlth   ..........              (no amulet)
HPRegen 0.09/turn               (no ring)
MPRegen 0.08/turn               (no ring)

@: no status effects
A: no striking features
a: no special abilities


You were on level 2 of the Dungeon.
You visited 1 branch of the dungeon, and saw 2 of its levels.

You collected 71 gold pieces.

Inventory:

Hand Weapons
 a - a +0 quarterstaff (weapon)
Missiles
 d - 3 throwing nets (quivered)
 e - a javelin
Armour
 c - a +0 helmet (worn)
 i - a +0 chain mail (worn)
Scrolls
 b - a scroll of noise {unknown}
 f - a scroll of enchant weapon {unknown}
 j - a scroll of identify {unknown}
 k - a scroll of blinking {unknown}
 l - a scroll of magic mapping {unknown}
Potions
 g - a potion of haste {unknown}
 h - a potion of brilliance {unknown}


   Skills:
 - Level 2.0 Fighting
 + Level 3.5 Staves
 + Level 2.7 Throwing
 - Level 3.0 Dodging


You had 2 spell levels left.
You didn't know any spells.
Your spell library was empty.

Dungeon Overview and Level Annotations

Branches:
Dungeon (2/15)

Altars:


Message History

Okay, then.
The frilled lizard bites you.
You hit the frilled lizard.
The frilled lizard is heavily wounded.
The frilled lizard bites you but does no damage.
You closely miss the frilled lizard.
The frilled lizard is heavily wounded.
The frilled lizard bites you.
You sock the frilled lizard!
You kill the frilled lizard!
No target in view!
No target in view!
No target in view!
No target in view!
No target in view!
No target in view!
No target in view!
No target in view!
No target in view!
No target in view!
No target in view!
You now have 71 gold pieces (gained 18).
A worm comes into view.
Found a glowing cloak.
Found a scroll labelled BEABYI TUOHOCH.
You hit the worm but do no damage. The worm bites you but does no damage.
You barely miss the worm. You completely miss the worm.
The worm bites you but does no damage.
You completely miss the worm. The worm bites you.
You barely miss the worm. You hit the worm.
The worm is lightly wounded.
The worm bites you!
You barely miss the worm. The worm bites you.
You thump the worm!
The worm is heavily wounded.
You sock the worm!
The worm is severely wounded.
The worm bites you!
You die...

#. #. #..#? #..
.............
.......#..#.#.
............
###..#..#..#.# #
#..........#.########..
#.#.#..#...#...@.........
#.#.#..#†..#..w#P####....
##.#.#......#..#....P.P .
........#......#P....P#
...............#P..[..#
##.#.####...#..#......#
##.#.####.............#
......................#
##.#.#####...#..##++###


You could see a worm.

Vanquished Creatures
  2 ball pythons (D:1)
  An endoplasm (D:1)
  3 giant cockroaches (D:1)
  5 goblins (D:1)
  3 quokkas (D:1)
  2 bats
  3 frilled lizards
  A kobold (D:1)
  A rat (D:1)
21 creatures vanquished.

Notes
Turn   | Place    | Note
-------+----------+-------------------------------------------
     0 | D:1      | 27heaven the Human Gladiator began the quest for the Orb.
     0 | D:1      | Reached XP level 1. HP: 16/16 MP: 1/1
   116 | D:1      | Reached XP level 2. HP: 22/22 MP: 2/2
   320 | D:1      | Reached XP level 3. HP: 14/27 MP: 3/3
   841 | D:2      | Slain by a worm

Illustrated notes

Levels and vault maps discovered:
D:1:      minmay_arrival_split_and_join, layout_loops_ring,
          columned_hall_lemuel, hex_tiny
D:2:      cheibrodos_old_hovel, layout_basic, kennysheep_generic_room_3,
          uniq_sigmund

Action                   || total
-------------------------++-------
Melee: Quarterstaff      ||    60
Armor: Ring mail         ||    14
       Chain mail        ||    17
Dodge: Dodged            ||    26

Table legend: (Time is in decaauts)
 A = Elapsed time spent in this place.
 B = Non-inter-level travel time spent in this place.
 C = Inter-level travel time spent in this place.
 D = Time resting spent in this place.
 E = Time spent auto-exploring this place.
 F = Levels seen in this place.
 G = Mean time per level.
                   A        B        C        D        E       F      G
               +--------+--------+--------+--------+--------+-----+--------+
         Total |    848 |    824 |     24 |      0 |    359 |   2 |  424.0 |
       Dungeon |    848 |    824 |     24 |      0 |    359 |   2 |  424.0 |
               +--------+--------+--------+--------+--------+-----+--------+

Top non-repeatable levels by time:
     D:1: 786 daAuts
     D:2: 61 daAuts
